cohdb
Replays
Latest Replays
All Replays
Popular Replays
Top Player Replays
Match Explorer
How It Works
Community
CoH3 Stats
Reddit
Sign in to upload your games and track your stats! →
Sign in with Steam
Match 40924491
Unlisted
Match 40924491
Overview
Messages
Build Orders
End
Kradschützen Motorcycle Team
Selects Panzerjäger Kommand Battlegroup
Selects Mine Fields
Panzergrenadier Squad
Panzergrenadier Squad
Construct Light Support Kompanie
Selects Tank Busters
Fire Support Elements
Veteran Squad Leaders
2.5-tonne Medical Truck
Flakvierling Half-track
Selects Defensive Positions
Panzerjäger Squad
le.IG 18 Mechanized Group
MG34 Team
Selects Butterfly Bomb Drop
Pak 38 Anti-tank Gun Team
Selects Crew Shock Tactics
Construct Panzerarmee Kommand
Combat Half-tracks
Armored Reserves
Tiger Heavy Tank
Selects Anti-tank Overwatch
Rapid Advance
Anti-tank Overwatch
Losttruppen
十_Fck
packapacka
TiMMi_ks
Kingston
warmachine
Dumplings
Bad Moon
0
0
Comments
sign in to comment!
No comments posted yet!